 Dungeon Crawl Stone Soup version 0.16-a0-922-gae79c9c (webtiles) character file.

3730 RobertPalmer the Basher (level 10, -8/60 HPs)
             Began as an Octopode Gladiator on Sept 30, 2014.
             Was a Believer of Qazlal.
             Mangled by a two-headed hydra (13 damage)
             ... on Level 9 of the Dungeon.
             The game lasted 00:22:58 (12069 turns).

RobertPalmer the Basher (Octopode Gladiator)       Turns: 12069, Time: 00:22:59

HP  -8/60        AC  1     Str 15      XL: 10   Next: 14%
MP  10/12        EV 18     Int 14      God: Qazlal [**....]
Gold 251         SH  2     Dex 12      Spells:  1 memorised,  6 levels left

rFire  . . .     SeeInvis .     a - +3 morningstar (flame)
rCold  . . .     Clarity  .     (no shield)
rNeg   + . .     rCorr    .     c - +0 hat
rPois  .         rRot     .     (no amulet)
rElec  .         Spirit   .     q - ring of sustain abilities
SustAb +         Warding  .     D - ring of positive energy
rMut   .         Stasis   .     h - +2 ring of evasion
Gourm  .                        (no ring)
MR     .....                    (no ring)
                                (no ring)
                                (no ring)
                                (no ring)

@: not resistant to hostile enchantments, unstealthy
A: almost no armour, amphibious, 8 rings, constrict 8, camouflage 1, gelatinous
body 1
a: Upheaval, Renounce Religion


You were on level 9 of the Dungeon.
You worshipped Qazlal.
Qazlal was pleased with you.
You were not hungry.

You visited 2 branches of the dungeon, and saw 10 of its levels.

You collected 572 gold pieces.
You spent 321 gold pieces at shops.


Innate Abilities, Weirdness & Mutations

You cannot wear most types of armour.
You are amphibious.
You can wear up to eight rings at the same time.
You can use your tentacles to constrict many enemies at once.
Your skin changes colour to match your surroundings (Stealth).
Your rubbery body absorbs attacks (AC +1).


   Skills:
 - Level 2.0 Fighting
   Level 8.8(10.4) Axes
 - Level 9.0(10.5) Maces & Flails
 - Level 2.0 Throwing
 - Level 7.8 Dodging
 + Level 1.8 Invocations


You had 6 spell levels left.
You knew the following spells:

 Your Spells              Type           Power        Failure   Level  Hunger
z - Call Canine Familiar  Summ           #.......     83%         3    ####...

Inventory:

Hand weapons
 a - a +3 morningstar of flaming (weapon)
 b - a -3 blowgun
Missiles
 d - 8 curare-tipped needles
 K - 10 poisoned needles
Armour
 c - a +0 hat (worn)
Magical devices
 v - a wand of frost (7)
 w - a wand of paralysis (9)
 E - a wand of flame (8)
 I - a wand of polymorph (14)
Comestibles
 f - 8 bread rations
 k - 7 meat rations
 t - 15 fruits
 B - 6 slices of pizza
Scrolls
 e - 2 scrolls of teleportation
 m - a scroll of magic mapping
 s - a scroll of noise {!r}
 y - 2 scrolls of remove curse
 H - a scroll of fog
 M - a scroll of amnesia {unknown}
Jewellery
 h - a +2 ring of evasion (on tentacle)
 q - a ring of sustain abilities (left tentacle)
 D - a ring of positive energy (right tentacle)
Potions
 g - 2 potions of heal wounds
 i - a potion of degeneration {unknown}
 j - a potion of invisibility {unknown}
 l - a potion of cancellation {unknown}
 o - a potion of resistance {unknown}
 p - 2 potions of restore abilities
 u - a potion of might {unknown}
 x - a potion of magic {unknown}
 z - a potion of flight
 A - 2 potions of curing
 C - a potion of berserk rage {unknown}
 F - a potion of agility {unknown}
 J - 2 potions of haste
Books
 r - a book of Callings

Dungeon Overview and Level Annotations

Branches:
Dungeon (9/15)             Temple (1/1) D:4            Lair (0/8) D:9
    Orc: D:9-12

Altars:
Cheibriados
Dithmenos
Gozag
Kikubaaqudgha
Makhleb
Nemelex Xobeh
Okawaru
Qazlal
Sif Muna
Trog
Vehumet
Xom
Yredelemnul
Zin
The Shining One

Shops:
D:4 ?   D:7 *

Annotations:
D:3 Sigmund
D:7 rvm's ghost, experienced HuWz

#.# #.....##.# #.# ##....##.#
#.##########..##.# #.......#
#..##.# ###### #######.#
#..##.# #.%... ###########
#..##.#####.#### #.)+.P≈PP#
#..##.##........
#%.#≈≈≈≈P#####..##..........#
#'##P≈P.≈#KD@P.......>##.##.#
#(.#...)§#.###...............
#..'....≈%.# #...........##.#
#..'.....### #...........##.#
#..'....≈# #...............
#..#.....# #...............
########## ####.....#####.#
##...## #.# ##.#######.#


You could see a two-headed hydra and a big kobold.


Message History

The two-headed hydra bites you! The two-headed hydra barely misses you.
Things that are here:
a falchion of flaming; a big kobold skeleton You hit the ballistomycete.
You burn the ballistomycete. You grab the ballistomycete.
The ballistomycete is lightly damaged.
You constrict the ballistomycete.
Read which item? (? for menu, Esc to quit)
Okay, then.
Evoke which item? (* to show all) (? for menu, Esc to quit)
Zapping:
w - a wand of paralysis {zapped: 6}
Aim: a two-headed hydra (lightly wounded)
The two-headed hydra resists with almost no effort.
You constrict the ballistomycete. The two-headed hydra misses you.
The two-headed hydra barely misses you.
Evoke which item? (* to show all) (? for menu, Esc to quit)
Zapping:
w - a wand of paralysis {zapped: 7}
Aim: a two-headed hydra The two-headed hydra resists with almost no effort.
You constrict the ballistomycete. The two-headed hydra bites you!
* * * LOW HITPOINT WARNING * * *
The two-headed hydra bites you!
* * * LOW HITPOINT WARNING * * *
Evoke which item? (* to show all) (? for menu, Esc to quit)
Zapping:
w - a wand of paralysis {zapped: 8}
Aim: a two-headed hydra The two-headed hydra resists with almost no effort.
You constrict the ballistomycete. The two-headed hydra barely misses you.
The two-headed hydra bites you!
You die...

Action                   |  1- 3 |  4- 6 |  7- 9 | 10-12 || total
-------------------------+-------+-------+-------+-------++-------
Melee: War axe           |    70 |   142 |   151 |       ||   363
       Morningstar       |       |       |   134 |    22 ||   156
 Fire: Blowgun           |       |       |     8 |    10 ||    18
Throw: Throwing net      |       |     3 |       |       ||     3
Invok: Upheaval          |       |       |       |     1 ||     1
Evoke: Wand              |       |       |    32 |     3 ||    35
  Use: Scroll            |     1 |     4 |    12 |     2 ||    19
       Potion            |       |     2 |     2 |       ||     4
 Stab: Sleeping          |     5 |     6 |     2 |       ||    13
       Held in net/web   |       |     1 |       |       ||     1
       Confused          |       |       |     4 |       ||     4
       Paralysed         |       |       |    12 |       ||    12
  Eat: Chunk             |     2 |     9 |    17 |       ||    28
       Fruit             |       |       |     3 |       ||     3
       Beef jerky        |       |       |     1 |     2 ||     3

Vault maps used:
D:1:      kb_arrival_jail, grunt_decor_cap
D:2:      kennysheep_six_static_rooms, first_bread, solitary_fountain,
          kennysheep_generic_room_7
D:3:      uniq_sigmund
D:4:      grunt_temple_overflow_cloverleaf, minmay_temple_entry_poolview,
          serial_shops, shop_fountains
D:5:      st_stairs_12, led_xom_imps
D:6:      nemelex_spade_bored_becter, uniq_menkaure
D:7:      old_standard_altar, lemuel_coloured_pillars_altar, kennysheep_mini,
          serial_shops, shop_coins
D:9:      lair_0_dummy, hangedman_ranch
Temple:   chambers_temple_12

Notes
Turn   | Place    | Note
--------------------------------------------------------------
     0 | D:1      | RobertPalmer, the Octopode Gladiator, began the quest for the Orb.
     0 | D:1      | Reached XP level 1. HP: 14/14 MP: 1/1
     2 | D:1      | Noticed an ogre
     4 | D:1      | Noticed a centaur
     6 | D:1      | Noticed a naga
     6 | D:1      | Noticed a felid
     8 | D:1      | Noticed a draconian
     8 | D:1      | Noticed a spriggan
    10 | D:1      | Noticed a dwarf
    10 | D:1      | Noticed a minotaur
    12 | D:1      | Noticed a formicid
    12 | D:1      | Noticed a ghoul
    14 | D:1      | Noticed a human
    14 | D:1      | Noticed a vine stalker
    16 | D:1      | Noticed a tengu
    16 | D:1      | Noticed an elf
    18 | D:1      | Noticed a demigod
    18 | D:1      | Noticed a demonspawn
    20 | D:1      | Noticed a gargoyle
    22 | D:1      | Noticed an octopode
    22 | D:1      | Noticed a merfolk
    24 | D:1      | Noticed a troll
    26 | D:1      | Noticed a vampire
   523 | D:1      | Reached XP level 2. HP: 19/19 MP: 2/2
  1370 | D:2      | Reached skill level 4 in Axes
  1370 | D:2      | Reached XP level 3. HP: 22/24 MP: 3/3
  1684 | D:2      | Reached XP level 4. HP: 29/29 MP: 4/4
  2226 | D:2      | Reached skill level 5 in Axes
  2888 | D:3      | Reached XP level 5. HP: 8/34 MP: 5/5
  3275 | D:3      | Noticed Sigmund
  3631 | D:4      | Reached skill level 6 in Axes
  3959 | D:4      | Noticed an ogre
  3973 | D:4      | Killed an ogre
  3973 | D:4      | Reached XP level 6. HP: 39/39 MP: 6/6
  4275 | D:4      | Found Kabliasa's Magic Scroll Shoppe.
  4288 | D:4      | Reached skill level 7 in Axes
  4815 | D:4      | Found a glowing silver altar of Zin.
  4818 | D:4      | Found a shimmering altar of Xom.
  4829 | D:4      | HP: 1/39 [something/puff of flame (10)]
  5031 | D:4      | Reached XP level 7. HP: 6/45 MP: 7/7
  5266 | D:4      | Found a staircase to the Ecumenical Temple.
  5380 | D:4      | Found an iron altar of Okawaru.
  5405 | D:4      | Found a radiant altar of Vehumet.
  5556 | Temple   | Entered the Ecumenical Temple
  5695 | Temple   | Became a worshipper of Qazlal Stormbringer
  5994 | D:3      | Reached skill level 8 in Axes
  6028 | D:5      | Entered Level 5 of the Dungeon
  6178 | D:5      | Reached skill level 4 in Dodging
  6226 | D:5      | Reached XP level 8. HP: 42/50 MP: 8/8
  6339 | D:5      | Found a shimmering altar of Xom.
  6369 | D:5      | Acquired Qazlal's first power
  6884 | D:5      | Reached skill level 5 in Dodging
  7078 | D:6      | Learned a level 3 spell: Call Canine Familiar
  7136 | D:6      | Found a sparkling altar of Nemelex Xobeh.
  7180 | D:6      | Noticed Menkaure
  7194 | D:6      | Killed Menkaure
  7460 | D:6      | Reached skill level 6 in Dodging
  7991 | D:7      | Noticed rvm's ghost (experienced HuWz)
  8310 | D:7      | Found a bloodstained altar of Trog.
  8432 | D:7      | Reached skill level 7 in Dodging
  8533 | D:7      | Acquired Qazlal's second power
  8558 | D:7      | Found an ancient bone altar of Kikubaaqudgha.
  8617 | D:7      | Found Pnam's General Store.
  8633 | D:7      | Bought a +3 morningstar of flaming for 266 gold pieces
  8633 | D:7      | Bought a potion of heal wounds for 33 gold pieces
  8633 | D:7      | Bought a scroll of fog for 22 gold pieces
  8654 | D:7      | Reached skill level 2 in Maces & Flails
  8654 | D:7      | Reached XP level 9. HP: 29/54 MP: 9/9
  9380 | D:7      | Reached skill level 3 in Maces & Flails
  9419 | D:7      | Found a snail-covered altar of Cheibriados.
  9725 | D:8      | Reached skill level 4 in Maces & Flails
 10122 | D:8      | Reached skill level 5 in Maces & Flails
 10673 | D:8      | Reached skill level 6 in Maces & Flails
 10936 | D:8      | Reached skill level 7 in Maces & Flails
 11213 | D:9      | Found a staircase to the Lair.
 11341 | D:9      | Reached skill level 8 in Maces & Flails
 11531 | D:9      | Reached XP level 10. HP: 60/60 MP: 10/10
 11980 | D:9      | Reached skill level 9 in Maces & Flails
 12008 | D:9      | Reached skill level 1 in Invocations
 12052 | D:9      | Noticed a two-headed hydra
 12068 | D:9      | HP: 5/60 [two-headed hydra (14)]
 12069 | D:9      | Mangled by a two-headed hydra

Vanquished Creatures
  A wraith (D:9)
  3 yaks
  A hill giant zombie (D:8)
  A hippogriff (D:7)
  A steam dragon (D:7)
  Menkaure (D:6)
  An ice beast (D:5)
  2 sky beasts (D:8)
  4 ogres
  A black bear (D:7)
  A centaur (D:9)
  2 big kobolds (D:9)
  3 giant frogs
  A jelly (D:5)
  3 scorpions
  A giant frog zombie (D:8)
  6 hounds
  An orc priest (D:8)
  A quasit (D:9)
  A centaur zombie (D:7)
  5 crimson imps
  8 orc wizards
  A black bear skeleton (D:5)
  4 worker ants
  2 sheep (D:9)
  A killer bee zombie (D:8)
  4 gnolls
  A worker ant zombie (D:7)
  15 adders
  An orc zombie (D:8)
  6 shadow imps
  2 giant mites
  6 worms
  2 orc skeletons
  23 orcs
  11 bats
  4 giant cockroaches
  17 goblins
  19 hobgoblins
  5 jackals (D:2)
  3 quokkas
  5 giant geckos
  7 giant newts
  A giant spore (D:8)
  A hobgoblin zombie (D:6)
  15 kobolds
  16 rats
  11 ballistomycetes (D:8)
  A plant (D:9)
233 creatures vanquished.

Vanquished Creatures (others)
  A giant spore (D:8)
1 creature vanquished.

Grand Total: 234 creatures vanquished
